 Dungeon Sprint DCSS version 0.20-a0-1126-g0f15420 (webtiles) character file.

1453 potatolord6000 the Grappler (level 8, -2/94 HPs)
             Began as a Troll Monk on May 17, 2017.
             Was the Champion of Jiyva.
             Slain by a nine-headed hydra (11 damage)
             ... in the Dungeon (Sprint IX: "|||||||||||||||||||||||||||||").
             The game lasted 00:02:10 (564 turns).

potatolord6000 the Grappler (Troll Monk)             Turns: 564, Time: 00:02:10

Health: -2/94      AC: 18    Str: 22    XL:     8   Next: 47%
Magic:  3/7        EV: 12    Int:  9    God:    Jiyva [******]
Gold:   0          SH:  0    Dex: 12    Spells: 7/7 levels left

rFire    x . .     SeeInvis .     - Unarmed
rCold    + + .     Gourm    +   (no shield)
rNeg     . . .     Faith    .   m - +2 ice dragon scales
rPois    .         Spirit   .   (helmet restricted)
rElec    .         Reflect  .   (no cloak)
rCorr    +         Harm     .   (gloves unavailable)
MR       .....     NoTele   +   (boots unavailable)
Stlth    ..........             (no amulet)
Regen    0.7/turn               k - +3 ring of intelligence
MPRegen  0.1/turn               l - +2 ring of protection

@: lethally poisoned (-2 -> -2), slimy
A: unfitting armour, claws 3, rugged brown scales 1, fast metabolism 3,
gourmand, regeneration 1, shaggy fur 1, tough skin 2, gelatinous body 1,
translucent skin 1, tendrils
a: Request Jelly, Slimify, Cure Bad Mutation, Renounce Religion


You were in the Dungeon.
You worshipped Jiyva.
Jiyva was exalted by your worship.
You were very full.

You visited 1 branch

Inventory:

Armour
 m - +2 ice dragon scales (worn)
Jewellery
 k - a +3 ring of intelligence (left claw)
 l - a +2 ring of protection (right claw)
Scrolls
 h - 2 scrolls of blinking
 i - 5 scrolls of remove curse
 j - 2 scrolls of amnesia
 n - a scroll of identify
 o - a scroll of recharging
 p - 2 scrolls of enchant weapon
Potions
 a - a potion of invisibility
 b - 6 potions of heal wounds
 c - 5 potions of curing
 d - a potion of brilliance
 e - a potion of haste
 f - 4 potions of magic
 g - a potion of berserk rage


   Skills:
 + Level 9.6 Fighting
 + Level 9.6 Dodging
 - Level 1.0 Stealth
 + Level 11.3 Unarmed Combat


You had 7 spell levels left.
You didn't know any spells.

Dungeon Overview and Level Annotations

Branches:
Dungeon (1/1)

Altars:
Cheibriados
Dithmenos
Elyvilon
Fedhas
Gozag
Hepliaklqana
Kikubaaqudgha
Makhleb
Nemelex Xobeh
Okawaru
Qazlal
Ru
Sif Muna
Trog
Uskayaw
Vehumet
Wu Jian
Xom
Yredelemnul
Zin
The Shining One
Beogh
Jiyva
Lugonu


Innate Abilities, Weirdness & Mutations

You are too large for most types of armour.
You have claws for hands.
Your metabolism is lightning-fast.
You like to eat raw meat.
Your natural rate of healing is unusually fast.
You are covered in fur. (AC +1)
You have very tough skin. (AC +2)
You are partially covered in rugged brown scales. (AC +1, +3% HP)
Your rubbery body absorbs attacks. (AC +1, EV +1)
Your translucent skin slightly reduces your foes' accuracy. (Stealth)
You are covered in slimy tendrils that may disarm your opponents.


Message History

You feel sick.
The nine-headed hydra bites you but does no damage.
The nine-headed hydra closely misses you.
The nine-headed hydra bites you.
* * * LOW HITPOINT WARNING * * *
The nine-headed hydra bites you but does no damage.
The nine-headed hydra closely misses you.
The nine-headed hydra bites you but does no damage.
The nine-headed hydra bites you!
* * * LOW HITPOINT WARNING * * *
The nine-headed hydra bites you.
* * * LOW HITPOINT WARNING * * *
The nine-headed hydra bites you but does no damage.
Unknown command.
Okay, then.
A thick mucus forms on your claws. The nine-headed hydra bites you!
* * * LOW HITPOINT WARNING * * *
The nine-headed hydra bites you!
You die...

▓▓▓▓▓▓▓▓▓▓▓▓▓▓▓▓▓▓▓▓▓▓▓▓
...'.....(.)....@DFFFF..
▓▓▓▓▓▓▓▓▓▓▓▓▓▓▓▓▓▓▓▓▓▓▓▓▓▓▓▓▓▓▓▓▓
.................................
▓▓▓▓▓▓▓▓▓▓▓▓▓▓▓▓▓▓▓▓▓▓▓▓▓▓▓▓▓▓▓▓▓
')....).....'____________________
▓▓▓▓▓▓▓▓▓▓▓▓▓▓▓▓▓▓▓▓▓▓▓▓▓▓▓▓▓▓▓▓▓


You could see a nine-headed hydra, 2 spiny frogs and 2 bullfrogs.

Vanquished Creatures
  A spiny frog (D)
  A komodo dragon (D)
  A hippogriff (D)
  A steam dragon (D)
  A porcupine (D)
  An ice beast (D)
  A sky beast (D)
  A crocodile (D)
  A bullfrog (D)
  A big kobold (D)
  A crimson imp (D)
  2 hounds (D)
  An iguana (D)
  A worker ant (D)
  A shadow imp (D)
  An ooze (D)
  An adder zombie (D)
  A dart slug (D)
  2 orcs (D)
  A bat zombie (D)
  A hobgoblin (D)
  A frilled lizard (D)
  A giant cockroach zombie (D)
  A rat (D)
26 creatures vanquished.

Notes
Turn   | Place    | Note
-------+----------+-------------------------------------------
     0 | D        | potatolord6000 the Troll Monk began the quest for the Orb.
     0 | D        | Reached XP level 1. HP: 22/22 MP: 0/0
    23 | D        | Reached XP level 2. HP: 31/31 MP: 1/1
    28 | D        | Noticed a crimson imp
    32 | D        | Reached skill level 4 in Unarmed Combat
    34 | D        | Reached skill level 5 in Unarmed Combat
    34 | D        | Reached XP level 3. HP: 38/39 MP: 2/2
    54 | D        | Reached XP level 4. HP: 46/49 MP: 3/3
    58 | D        | Found a roughly hewn altar of Beogh.
    58 | D        | Found a snail-covered altar of Cheibriados.
    58 | D        | Found a shadowy altar of Dithmenos.
    58 | D        | Found a white marble altar of Elyvilon.
    58 | D        | Found a blossoming altar of Fedhas.
    58 | D        | Found an opulent altar of Gozag.
    59 | D        | Found a hazy altar of Hepliaklqana.
    60 | D        | Found a viscous altar of Jiyva.
    61 | D        | Found an ancient bone altar of Kikubaaqudgha.
    62 | D        | Found a corrupted altar of Lugonu.
    63 | D        | Found a burning altar of Makhleb.
    64 | D        | Found a sparkling altar of Nemelex Xobeh.
    65 | D        | Found an iron altar of Okawaru.
    66 | D        | Found a stormy altar of Qazlal.
    67 | D        | Found a sacrificial altar of Ru.
    68 | D        | Became a worshipper of Jiyva Juoniab the Shapeless
    68 | D        | Reached * piety under Jiyva
    68 | D        | Reached ** piety under Jiyva
    88 | D        | Reached *** piety under Jiyva
    92 | D        | Gained mutation: You are covered in slimy tendrils that may disarm your opponents. [Jiyva's grace]
   115 | D        | Found a deep blue altar of Sif Muna.
   116 | D        | Found a bloodstained altar of Trog.
   117 | D        | Found a hide-covered altar of Uskayaw.
   118 | D        | Found a radiant altar of Vehumet.
   119 | D        | Found an ornate altar of the Wu Jian Council.
   120 | D        | Found a shimmering altar of Xom.
   121 | D        | Found a basalt altar of Yredelemnul.
   122 | D        | Found a glowing silver altar of Zin.
   123 | D        | Found a glowing golden altar of the Shining One.
   150 | D        | Noticed a bullfrog
   150 | D        | Noticed a steam dragon
   150 | D        | Noticed a hippogriff
   150 | D        | Noticed a big kobold
   152 | D        | Reached skill level 5 in Dodging
   152 | D        | Reached skill level 6 in Unarmed Combat
   156 | D        | Killed a bullfrog
   156 | D        | Reached skill level 5 in Fighting
   156 | D        | Reached skill level 7 in Unarmed Combat
   156 | D        | Reached XP level 5. HP: 58/59 MP: 4/4
   165 | D        | Killed a steam dragon
   165 | D        | Reached skill level 8 in Unarmed Combat
   165 | D        | Reached XP level 6. HP: 28/68 MP: 5/5
   168 | D        | HP: 1/68 [hippogriff (4)]
   172 | D        | Killed a hippogriff
   172 | D        | Reached skill level 9 in Unarmed Combat
   179 | D        | Reached XP level 7. HP: 33/79 MP: 6/6
   399 | D        | Reached skill level 10 in Unarmed Combat
   407 | D        | Reached **** piety under Jiyva
   407 | D        | Gained mutation: Your mind is acute. (Int +2) [Jiyva's grace]
   407 | D        | Reached ***** piety under Jiyva
   407 | D        | Gained mutation: Your flesh is heat resistant. (rF+) [Jiyva's grace]
   417 | D        | Gained mutation: You have large cloven feet. [Jiyva's grace]
   417 | D        | Reached ****** piety under Jiyva
   424 | D        | Lost mutation: Your mind is acute. (Int +2) [Jiyva's grace]
   428 | D        | Gained mutation: Your translucent skin slightly reduces your foes' accuracy. (Stealth) [Jiyva's grace]
   431 | D        | Lost mutation: You have large cloven feet. [Jiyva's grace]
   432 | D        | Lost mutation: Your flesh is heat resistant. (rF+) [Jiyva's grace]
   432 | D        | Gained mutation: You have large cloven feet. [Jiyva's grace]
   433 | D        | Lost mutation: You have large cloven feet. [Jiyva's grace]
   433 | D        | Gained mutation: Your rubbery body absorbs attacks. (AC +1, EV +1) [Jiyva's grace]
   433 | D        | Gained mutation: You are partially covered in rugged brown scales. (AC +1, +3% HP) [Jiyva's grace]
   542 | D        | Noticed a spiny frog
   542 | D        | Noticed a komodo dragon
   542 | D        | Noticed a spiny frog
   543 | D        | Noticed a four-headed hydra
   547 | D        | Killed a spiny frog
   547 | D        | Reached XP level 8. HP: 77/93 MP: 7/7
   550 | D        | Noticed a spiny frog
   552 | D        | Reached skill level 11 in Unarmed Combat
   557 | D        | Killed a komodo dragon
   564 | D        | Slain by a nine-headed hydra

Vault maps used:
D:        linesprint

Skill      XL: |  1  2  3  4  5  6  7  8 |
---------------+-------------------------+-----
Fighting       | 3 4 5 6 7 8 9 |  9.6
Dodging        | 3 4 5 6 7 9 |  9.6
Unarmed Combat | 5 7 8 9 10 11 | 11.3
Stealth        | |  1.0

Action                   |  1- 3 |  4- 6 |  7- 9 || total
-------------------------+-------+-------+-------++-------
Melee: Unarmed           |    35 |    22 |    44 ||   101
       Punch             |     1 |     2 |     1 ||     4
Invok: Request Jelly     |       |       |     1 ||     1
       Slimify           |       |       |     1 ||     1
  Use: Potion            |       |     4 |       ||     4
 Stab: Sleeping          |       |       |     1 ||     1
  Eat: Bread ration      |       |       |     2 ||     2
Armor: Skin              |     5 |     5 |     3 ||    13
       Ice dragon scales |       |       |    12 ||    12
Dodge: Dodged            |    14 |    11 |    27 ||    52
